 Dungeon Crawl Stone Soup version 0.28-a0-1395-g4f6bc678fa (webtiles) character file.

Game seed: 13678046781581093615

36 Lekart the Skirmisher (level 3, 0/33 HPs)
             Began as a Draconian Fighter on Jan 4, 2022.
             Slain by a goblin (4 damage)
             ... on level 2 of the Dungeon.
             The game lasted 00:01:02 (1276 turns).

Lekart the Skirmisher (Draconian Fighter)           Turns: 1276, Time: 00:01:03

Health: 0/33       AC:  5    Str: 18    XL:     3   Next: 19%
Magic:  3/3        EV: 12    Int:  8    God:
Gold:   44         SH:  4    Dex: 12    Spells: 2/2 levels left

rFire   . . .      SeeInvis .   a - +0 war axe
rCold   . . .      Faith    .   b - +0 buckler
rNeg    . . .      Spirit   .   (armour unavailable)
rPois   .          Reflect  .   (helmet restricted)
rElec   .          Harm     .   (no cloak)
rCorr   .          Rampage  .   (no gloves)
Will    .....                   (no boots)
Stlth   +.........              (no amulet)
HPRegen 0.11/turn               (no ring)
MPRegen 0.08/turn               (no ring)

@: mighty, lethally poisoned (0 -> -9)
A: AC +5, unfitting armour, cold-blooded
a: no special abilities


You were on level 2 of the Dungeon.
You visited 1 branch of the dungeon, and saw 2 of its levels.

You collected 44 gold pieces.

Inventory:

Hand Weapons
 a - a +0 war axe (weapon)
Armour
 b - a +0 buckler (worn)
Jewellery
 e - an amulet of faith
Scrolls
 d - 2 scrolls of identify
 f - a scroll of blinking {unknown}
 g - 3 scrolls of teleportation {unknown}
 h - a scroll of brand weapon {unknown}


   Skills:
 + Level 3.8 Fighting
 + Level 2.3 Axes
 + Level 3.1 Dodging
 + Level 3.3 Shields


You had 2 spell levels left.
You didn't know any spells.
Your spell library was empty.

Dungeon Overview and Level Annotations

Branches:
Dungeon (2/15)

Altars:


Innate Abilities, Weirdness & Mutations

Your plain brown scales are hard. (AC +5)
You cannot fit into any form of body armour.
You are cold-blooded and may be slowed by cold attacks.


Message History

Found a hunting sling.
No target in view!
A scorpion comes into view.
A scorpion is nearby!
A goblin comes into view. It is wielding a +0 club.
There are monsters nearby!
The scorpion stings you!
You are poisoned.
The scorpion poisons you! The scorpion closely misses you.
There are monsters nearby!
You completely miss the scorpion.
You feel very sick.
The goblin shouts!
You hear an angry hiss.
The scorpion misses you.
You hit the scorpion. You tail-slap the scorpion.
The scorpion is lightly wounded.
You feel sick. The scorpion closely misses you.
The scorpion stings you but does no damage.
You slash the scorpion!
The scorpion is severely wounded.
You feel sick. The scorpion stings you!
You are lethally poisoned!
The scorpion poisons you!
An adder comes into view.
You block the scorpion's attack.
You are too injured to fight recklessly!
You are too injured to fight recklessly!
You are too injured to fight recklessly!
Okay, then.
You feel very mighty all of a sudden.
* * * LOW HITPOINT WARNING * * *
You feel very sick. The scorpion stings you.
* * * LOW HITPOINT WARNING * * *
You completely miss the scorpion. You tail-slap the scorpion.
The scorpion is severely wounded.
* * * LOW HITPOINT WARNING * * *
You feel very sick. The scorpion barely misses you.
The goblin hits you with a +0 club.
You die...

###+##### ####.......#
######..........#
#......##.......#####
#......##...)@g..S...
#......##.#...s......
#<....###.##..#......
####.†...###.##.##.####.
......#.......#.# .#
#####.#.####..... #
#.#.# #. #.#.# .. #.#.#


You could see a scorpion, an adder and a goblin.

Vanquished Creatures
  2 dart slugs (D:1)
  4 endoplasms (D:1)
  3 giant cockroaches (D:1)
  A goblin (D:1)
  2 hobgoblins
  4 jackals (D:1)
  2 quokkas (D:1)
  A ball python (D:1)
  A bat (D:1)
  2 frilled lizards (D:1)
  3 kobolds (D:1)
  4 rats (D:1)
29 creatures vanquished.

Notes
Turn   | Place    | Note
-------+----------+-------------------------------------------
     0 | D:1      | Lekart the Draconian Fighter began the quest for the Orb.
     0 | D:1      | Reached XP level 1. HP: 19/19 MP: 1/1
   129 | D:1      | Reached XP level 2. HP: 26/26 MP: 2/2
   805 | D:1      | Reached XP level 3. HP: 32/33 MP: 3/3
  1268 | D:2      | Noticed a scorpion
  1276 | D:2      | Slain by a goblin

Illustrated notes

Levels and vault maps discovered:
D:1:      scummos_arrival_checkerplants, layout_basic
D:2:      cheibrodos_helix_gallery, layout_loops_cross,
          hellmonk_ecumenical_altar_run_dry, minmay_fountain_box,
          grunt_decor_junction, minmay_misc_feat_cross,
          chequers_serial_rivers_large_b, minmay_misc_feat_square

Skill      XL: |  1  2 |
---------------+-------+-----
Dodging        | 3 |  3.1
Fighting       | |  3.8
Axes           | |  2.3
Shields        | |  3.3

Action                   || total
-------------------------++-------
Melee: War axe           ||    71
       Tailslap          ||     3
  Use: Scroll            ||     1
       Potion            ||     1
 Stab: Sleeping          ||     1
Armor: Skin              ||    19
Dodge: Dodged            ||    42
Block: Buckler           ||     8

Table legend: (Time is in decaauts)
 A = Elapsed time spent in this place.
 B = Non-inter-level travel time spent in this place.
 C = Inter-level travel time spent in this place.
 D = Time resting spent in this place.
 E = Time spent auto-exploring this place.
 F = Levels seen in this place.
 G = Mean time per level.
                   A        B        C        D        E       F      G
               +--------+--------+--------+--------+--------+-----+--------+
         Total |   1310 |   1266 |     44 |    269 |    792 |   2 |  655.0 |
       Dungeon |   1310 |   1266 |     44 |    269 |    792 |   2 |  655.0 |
               +--------+--------+--------+--------+--------+-----+--------+

Top non-repeatable levels by time:
     D:1: 1280 daAuts
     D:2: 29 daAuts
